 Dungeon Sprint DCSS version bcrawl-1.21 (webtiles) character file.

Game seed: 794644470918512842

32078 Freyura the Tortoise (level 13, -13/128 HPs)
             Began as a Minotaur Fighter on Feb 15, 2020.
             Was the Champion of Qazlal.
             Mangled by a reaper
             ... wielding a +1 scythe
              (20 damage)
             ... in the Dungeon (Sprint V: "Ziggurat Sprint").
             The game lasted 00:18:10 (1195 turns).

Freyura the Tortoise (Minotaur Fighter)             Turns: 1195, Time: 00:18:11

Health: -13/128    AC: 42    Str: 21    XL:     13   Next: 29%
Magic:  22/22      EV: 11    Int:  5    God:    Qazlal [******]
Gold:   0          SH: 41    Dex: 18    Spells: 12/12 levels left

rFire    . . .     SeeInvis +   K - +14 obsidian axe {chop, +Fly SInv *Curse} (curse)
rCold    . . .     Gourm    .   J - +18 shield of the Gong {rElec rN+ MR+ EV-5}
rNeg     + . .     Faith    .   I - +15 Maxwell's patent armour {-Cast -Tele rElec MR+ rCorr}
rPois    .         Spirit   .   (helmet restricted)
rElec    +         Reflect  .   X - +2 cloak {MR+}
rCorr    +         Harm     .   D - +2 pair of gloves {Dex+3}
MR       +++..     NoTele   +   C - +2 pair of boots {Fly} Stlth ..........NoCast +
                                V - amulet of rage (curse)
HPRegen  0.31/turn              o - ring of resist corrosion
MPRegen  0.18/turn              c - ring of insulation

@: corroded, flying, mesmerised, studying Slings, repel missiles
A: retaliatory headbutt, horns 2
a: Upheaval, Elemental Force, Disaster Area, Renounce Religion, Evoke Berserk
Rage, Stop Flying


You were in the Dungeon.
You worshipped Qazlal.
Qazlal was exalted by your worship.
You were not hungry.

You visited 1 branch

Inventory:

Hand Weapons
 K - the cursed +14 obsidian axe (weapon) {chop, +Fly SInv *Curse}
   (You found it in the Dungeon)

   It inflicts extra damage upon your enemies.
   It lets you see invisible.
   It lets you fly.
   It curses itself when equipped.
   It has a curse placed upon it.
Missiles
 T - 2 throwing nets (quivered) {!f}
Armour
 C - a +2 pair of boots of flying (worn)
 D - a +2 pair of gloves of dexterity (worn)
 H - a scarf of spirit shield
 I - the +15 Maxwell's patent armour (worn) {-Cast -Tele rElec MR+ rCorr}
   (You found it in the Dungeon)

   It insulates you from electricity.
   It affects your resistance to hostile enchantments.
   It prevents spellcasting.
   It prevents most forms of teleportation.
   It provides partial protection from all sources of acid and corrosion.
 J - the +18 shield of the Gong (worn) {rElec rN+ MR+ EV-5}
   (You found it in the Dungeon)

   It affects your evasion (-5).
   It insulates you from electricity.
   It protects you from negative energy.
   It affects your resistance to hostile enchantments.
 X - a +2 cloak of magic resistance (worn)
Jewellery
 a - a +2 ring of evasion
 b - an uncursed ring of stealth
 c - a ring of insulation (right hand)
 o - a ring of resist corrosion (left hand)
 y - an uncursed ring of protection from cold
 V - a cursed amulet of rage (around neck)
Wands
 v - a wand of disintegration (7)
 w - a wand of iceblast (5)
 x - a wand of acid (7)
Scrolls
 k - 4 scrolls of blinking
 q - 4 scrolls of amnesia
 r - 8 scrolls of fog
 s - 5 scrolls of identify
 t - 5 scrolls of remove curse
 u - 2 scrolls of fear
 B - 2 scrolls of brand weapon
 M - 3 scrolls of enchant armour
 S - 4 scrolls of enchant weapon
Potions
 d - 6 potions of might
 f - 10 potions of curing
 g - 11 potions of heal wounds
 h - 6 potions of haste
 i - 7 potions of magic
 j - 3 potions of berserk rage
 l - 2 potions of brilliance
 m - 2 potions of invisibility
 n - 4 potions of resistance
 p - 5 potions of agility
Books
 G - a manual of Slings
Miscellaneous
 A - a phial of floods
 E - a lightning rod (4/4)
Comestibles
 e - 8 rations {!d}
 Z - 3 chunks of flesh


   Skills:
 + Level 15.8 Fighting
 + Level 15.7 Axes
 + Level 17.5 Armour
 + Level 14.4 Dodging
 + Level 15.8 Shields
 + Level 13.4 Invocations
 + Level 12.4 Evocations


You had 12 spell levels left.
You didn't know any spells.
Your spell library contained the following spells:

 Spells                   Type           Power        Failure   Level  Hunger
 Beastly Appendage        Tmut           #.....       99%         1    ##.....
 Sandblast                Erth           #.....       99%         1    ##.....
 Corpse Rot               Necr           N/A          100%        2    ###....
 Poisonous Vapours        Pois/Air       #.....       100%        2    ###....
 Sublimation of Blood     Necr           #.........   100%        2    ###....
 Ignite Poison            Fire/Tmut/Pois #.......     100%        3    ####...
 Leda's Liquefaction      Hex/Erth       #.........   100%        3    ####...
 Mephitic Cloud           Conj/Pois/Air  #.......     100%        3    ####...
 Regeneration             Chrm/Necr      #.........   100%        3    ####...
 Spectral Weapon          Hex/Chrm       #.......     100%        3    ####...
 Summon Ice Beast         Ice/Summ       #.......     100%        4    #####..
 Dispel Undead            Necr           #.......     100%        5    ######.
 Lee's Rapid Deconstruct  Erth           #.........   100%        5    ######.
 Freezing Cloud           Ice/Air        #.........   100%        6    #######
 Statue Form              Tmut/Erth      #........    100%        6    #######
 Time Stop                Chrm/Tloc      N/A          100%        8    #######


Dungeon Overview and Level Annotations

Branches:
Dungeon (1/1)

Altars:
Ashenzari
Cheibriados
Dithmenos
Elyvilon
Fedhas
Gozag
Hepliaklqana
Kikubaaqudgha
Lugonu
Makhleb
Nemelex Xobeh
Okawaru
Qazlal
Ru
Sif Muna
Trog
Uskayaw
Vehumet
Wu Jian
Xom
Yredelemnul
Zin
The Shining One
Beogh
Jiyva


Innate Abilities, Weirdness & Mutations

You reflexively headbutt those who attack you in melee.
You have a pair of horns on your head.


Message History

You closely miss the rust devil.
The rust devil is lightly wounded.
Your Maxwell's patent armour prevents you from hitting the tormentor.
You closely miss the tormentor. You barely miss the soul eater.
Visions of slaying the soul eater flood into your mind.
The reaper burns!
The tormentor gestures at you. You resist with almost no effort.
You block the tormentor's attack.
PTOANNNG!
You block the tormentor's attack.
PTOANNNG!
Your smoke demon hits the rust devil but does no damage.
Your smoke demon hits the rust devil.
Your smoke demon hits the rust devil but does no damage.
You block the rust devil's attack.
PTOANNNG!
You block the reaper's attack.
BONNNG!
The reaper hits you from afar with a +1 scythe!!
You die...

▓...|.▓.}.
▓..[)})[|:..▓▓..|..▓.43
▓...........▓▓..)..▓...
▓...........▓▓.....▓...
▓...........▓▓.....▓..[
▓....W2W....▓▓..©..▓..©
..▓○22z2▓..▓▓▓▓▓▓▓▓▓▓▓
▓.▓243▓.▓ ▓..8©8...▓.
▓..▓.2@3§▓..▓..)))...▓.
▓.....©○....▓...:....▓.
▓▓▓▓▓▓▓▓▓▓▓▓▓........▓.
▓≈...8©8≈≈.≈▓...)|...▓.
▓..[}≈|≈=).≈▓.▓....▓.▓.
▓≈≈.≈≈=≈≈:≈≈▓...©....▓.
▓.≈..≈.≈.≈..▓▓▓▓▓▓▓▓▓▓▓
▓..≈..≈...≈.▓...8©8...▓
▓..≈......≈≈▓..})|....▓


You could see 3 reapers, a skeletal warrior, a soul eater, a rust devil, a
freezing wraith, 3 tormentors, a phantom and a friendly smoke demon.

Vanquished Creatures
  A frost giant (D)
  2 merfolk javelineers (D)
  4 merfolk impalers (D)
  An ogre mage (D)
  5 two-headed ogres (D)
  7 merfolk aquamancers (D)
  A satyr (D)
  4 sea snakes (D)
  4 cyclopes (D)
  2 harpies (D)
  2 shining eyes (D)
  2 deep elf magi (D)
  3 manticores (D)
  A rust devil (D)
  2 water nymphs (D)
  A vault sentinel (D)
  An eye of devastation (D)
  A rime drake (D)
  2 yaktaurs (D)
  An ice devil (D)
  5 trolls (D)
  A wind drake (D)
  6 merfolk (D)
  2 hippogriffs (D)
  A wraith (D)
  A golden eye (D)
  A steam dragon (D)
  2 nagas (D)
  2 floating eyes (D)
  4 water moccasins (D)
  A hell hound (D)
  A boggart (D)
  4 centaurs (D)
  An earth elemental (D)
  2 crimson imps (D)
  4 jellies (D)
  A shadow imp (D)
  A white imp (D)
  2 oozes (D)
  A giant cockroach zombie (D)
  A leopard gecko skeleton (D)
  A leopard gecko zombie (D)
92 creatures vanquished.

Vanquished Creatures (collateral kills)
  A centaur warrior (D)
  A merfolk aquamancer (D)
  A sea snake (D)
  3 deep elf magi (D)
  A slime creature (D)
  A snapping turtle (D)
  A steam dragon (D)
  2 centaurs (D)
  A jelly (D)
12 creatures vanquished.

Vanquished Creatures (others)
  A spatial maelstrom (D)
1 creature vanquished.

Grand Total: 105 creatures vanquished

Notes
Turn   | Place    | Note
-------+----------+-------------------------------------------
     0 | D        | Freyura the Minotaur Fighter began the quest for the Orb.
     0 | D        | Reached XP level 1. HP: 19/19 MP: 0/0
     0 | D        | Found a shimmering blue altar of Sif Muna.
     0 | D        | Found a bloodstained altar of Trog.
     0 | D        | Found a sacrificial altar of Ru.
     0 | D        | Found a stormy altar of Qazlal.
     0 | D        | Found an iron altar of Okawaru.
     1 | D        | Found a sparkling altar of Nemelex Xobeh.
     1 | D        | Found a blossoming altar of Fedhas.
     2 | D        | Found the +6 Majin-Bo {vamp, *Drain Str+12 Int+24}
     2 | D        | Found the +7 great mace "Firestarter" {inner flame, rF++}
     3 | D        | Found a transporter.
     3 | D        | Found an ancient bone altar of Kikubaaqudgha.
     3 | D        | Found a viscous altar of Jiyva.
     3 | D        | Found a corrupted altar of Lugonu.
     3 | D        | Found a hazy altar of Hepliaklqana.
     3 | D        | Found a burning altar of Makhleb.
     3 | D        | Found an opulent altar of Gozag.
     7 | D        | Banished a spatial maelstrom
    26 | D        | Found the +9 heavy crossbow "Sniper" {velocity, Acc+∞ SInv}
    26 | D        | Found the +10 dark maul {crush}
    26 | D        | Found the +15 Maxwell's patent armour {-Cast -Tele rElec
                  | MR+ rCorr}
    26 | D        | Found the +18 shield of the Gong {rElec rN+ MR+ EV-5}
    26 | D        | Found the cursed +14 obsidian axe {chop, +Fly SInv *Curse}
    28 | D        | Found the +6 shillelagh "Devastator" {shatter}
    28 | D        | Found the +11 plutonium sword {*Contam Stlth-}
    28 | D        | Found the +8 lance "Wyrmbane" {slay drac, rPois rF+ rC+
                  | AC+3}
    28 | D        | Found the +9 sword of Zonguldrok {reap}
    28 | D        | Found the cursed +13 scythe of Curses {drain, *Curse}
    28 | D        | Found the +0 sword of Power
    28 | D        | Found the +7 mace of Variability {chain chaos}
    28 | D        | Found the +7 Singing Sword {slice}
    28 | D        | Found the +7 longbow "Piercer" {penet, EV-2}
    81 | D        | Became a worshipper of Qazlal Stormbringer
    84 | D        | Reached skill level 9 in Armour
    84 | D        | Reached XP level 2. HP: 26/26 MP: 1/1
    97 | D        | Entered arena 2.
    97 | D        | Found a transporter.
   134 | D        | Entered arena 3.
   134 | D        | Noticed a steam dragon
   134 | D        | Noticed a steam dragon
   134 | D        | Noticed a rime drake
   134 | D        | Found a transporter.
   138 | D        | Killed a rime drake
   138 | D        | Reached * piety under Qazlal
   138 | D        | Reached skill level 5 in Axes
   138 | D        | Reached skill level 10 in Armour
   138 | D        | Reached XP level 3. HP: 37/37 MP: 1/4
   138 | D        | Reached XP level 4. HP: 44/44 MP: 1/5
   138 | D        | Reached XP level 5. HP: 50/50 MP: 1/6
   138 | D        | Killed a steam dragon
   138 | D        | Reached skill level 11 in Armour
   138 | D        | Reached XP level 6. HP: 58/58 MP: 1/8
   139 | D        | Killed a steam dragon
   139 | D        | Reached skill level 5 in Dodging
   139 | D        | Reached XP level 7. HP: 66/66 MP: 5/9
   145 | D        | Got the +6 great mace of Colown {chaos, rF+ rC- Str+8}
   147 | D        | Entered arena 4.
   147 | D        | Found a transporter.
   150 | D        | Reached ** piety under Qazlal
   150 | D        | Reached skill level 5 in Invocations
   151 | D        | Reached *** piety under Qazlal
   155 | D        | Got the Reference Book on Helpful Stones
   157 | D        | Entered arena 5.
   157 | D        | Noticed a wraith
   157 | D        | Noticed a vault sentinel
   157 | D        | Noticed an ogre mage
   157 | D        | Found a transporter.
   162 | D        | Killed a wraith
   162 | D        | Reached skill level 5 in Evocations
   163 | D        | Killed an ogre mage
   163 | D        | Reached skill level 12 in Armour
   163 | D        | Reached XP level 8. HP: 77/77 MP: 8/11
   164 | D        | Killed a vault sentinel
   164 | D        | Reached **** piety under Qazlal
   170 | D        | Entered arena 6.
   170 | D        | Found a transporter.
   171 | D        | Paralysed by a floating eye for 4 turns
   175 | D        | Reached XP level 9. HP: 84/84 MP: 11/13
   175 | D        | Reached ***** piety under Qazlal
   180 | D        | Got the +6 long sword "Trog's Anger" {flame, *Drain Str+6}
   190 | D        | Entered arena 7.
   190 | D        | Noticed a deep elf mage
   190 | D        | Noticed a deep elf mage
   190 | D        | Noticed a deep elf mage
   190 | D        | Noticed a deep elf mage
   190 | D        | Noticed a deep elf mage
   191 | D        | Found a transporter.
   194 | D        | Killed a deep elf mage
   196 | D        | Killed a deep elf mage
   196 | D        | Reached skill level 10 in Fighting
   196 | D        | Reached skill level 13 in Armour
   196 | D        | Reached skill level 10 in Shields
   200 | D        | Killed a deep elf mage
   201 | D        | Killed a deep elf mage
   201 | D        | Reached skill level 10 in Axes
   203 | D        | Killed a deep elf mage
   203 | D        | Reached XP level 10. HP: 73/94 MP: 13/15
   209 | D        | Got Biczoxef's Disquisition on Icy Changing
   219 | D        | Entered arena 8.
   225 | D        | Reached ****** piety under Qazlal
   227 | D        | Found a transporter.
   253 | D        | Entered arena 9.
   253 | D        | Noticed a cyclops
   253 | D        | Noticed a centaur warrior
   253 | D        | Noticed a cyclops
   254 | D        | Identified the +10 arbalest "Beq Jed" {freeze, rN+ MR+}
   254 | D        | Found a transporter.
   260 | D        | Killed a cyclops
   261 | D        | Reached skill level 10 in Dodging
   261 | D        | Killed a centaur warrior
   261 | D        | Reached skill level 14 in Armour
   262 | D        | Killed a cyclops
   273 | D        | Entered arena 10.
   273 | D        | Noticed a cyclops
   275 | D        | Found a transporter.
   283 | D        | Killed a cyclops
   295 | D        | Got the +5 ring mail "Wyixtadgh" {rN++}
   307 | D        | Entered arena 11.
   307 | D        | Noticed a shining eye
   307 | D        | Noticed a shining eye
   307 | D        | Noticed an eye of devastation
   310 | D        | Found a transporter.
   313 | D        | Reached skill level 10 in Invocations
   313 | D        | Reached XP level 11. HP: 97/104 MP: 17/17
   316 | D        | Killed a shining eye
   321 | D        | Killed a shining eye
   326 | D        | Got the +6 flail of Yesterday {drain, Str+3 Int+8}
   339 | D        | Entered arena 12.
   339 | D        | Noticed a merfolk javelineer
   339 | D        | Noticed a merfolk impaler
   339 | D        | Noticed a merfolk impaler
   339 | D        | Noticed a harpy
   340 | D        | Noticed a merfolk aquamancer
   340 | D        | Noticed a sea snake
   340 | D        | Noticed a merfolk aquamancer
   345 | D        | Killed a harpy
   347 | D        | Killed a merfolk impaler
   347 | D        | Reached skill level 15 in Armour
   348 | D        | Killed a sea snake
   348 | D        | Reached skill level 10 in Evocations
   353 | D        | Killed a merfolk aquamancer
   353 | D        | Killed a merfolk impaler
   354 | D        | Killed a merfolk aquamancer
   356 | D        | Found a transporter.
   363 | D        | Killed a merfolk javelineer
   370 | D        | Got the +0 cloak of Vommoren {*Corrode Str+2 Dex+7 Stlth+}
   374 | D        | Got the Compendium of Toxic Unholy Rituals
   377 | D        | Got the +11 hand crossbow "Movoshoda" {velocity, rPois rF-
                  | Int+4}
   706 | D        | Entered arena 13.
   706 | D        | Noticed a merfolk aquamancer
   706 | D        | Noticed a satyr
   706 | D        | Noticed a merfolk javelineer
   707 | D        | Noticed a merfolk aquamancer
   707 | D        | Noticed a sea snake
   708 | D        | Identified the cursed +0 robe "Imirch" {*Drain rPois Dex+3}
   708 | D        | Noticed a merfolk aquamancer
   712 | D        | Killed a sea snake
   713 | D        | Noticed a merfolk aquamancer
   715 | D        | Killed a merfolk aquamancer
   715 | D        | Reached XP level 12. HP: 68/116 MP: 12/19
   717 | D        | Killed a satyr
   718 | D        | Killed a merfolk aquamancer
   718 | D        | Reached skill level 16 in Armour
   718 | D        | Killed a merfolk aquamancer
   718 | D        | Killed a merfolk javelineer
   718 | D        | Killed a merfolk aquamancer
   720 | D        | Found a transporter.
   908 | D        | Entered arena 14.
   908 | D        | Noticed a two-headed ogre
   908 | D        | Noticed a two-headed ogre
   908 | D        | Noticed a two-headed ogre
   908 | D        | Noticed a two-headed ogre
   909 | D        | Noticed a two-headed ogre
   910 | D        | Noticed a frost giant
   911 | D        | Killed a two-headed ogre
   911 | D        | Killed a two-headed ogre
   911 | D        | Killed a two-headed ogre
   912 | D        | Found a transporter.
   914 | D        | Killed a two-headed ogre
   914 | D        | Killed a two-headed ogre
   921 | D        | Killed a frost giant
   921 | D        | Reached skill level 15 in Fighting
   921 | D        | Reached skill level 15 in Shields
   923 | D        | Reached skill level 15 in Axes
   929 | D        | Got the ring "Dydetzye" {Ice *Contam +Inv Str+2}
   935 | D        | Got the cursed +0 pair of boots of the Moon {rPois Str+2}
  1006 | D        | Entered arena 15.
  1007 | D        | Noticed a merfolk impaler
  1007 | D        | Identified the +4 great sword "Filunoxa" {drain, -Tele MP+9
                  | Dex+4}
  1007 | D        | Noticed a merfolk impaler
  1007 | D        | Noticed a merfolk aquamancer
  1008 | D        | Noticed a merfolk aquamancer
  1010 | D        | Reached skill level 17 in Armour
  1012 | D        | Reached XP level 13. HP: 126/127 MP: 21/21
  1016 | D        | Killed a merfolk impaler
  1020 | D        | Killed a merfolk impaler
  1021 | D        | Found a transporter.
  1181 | D        | Entered arena 16.
  1181 | D        | Noticed a reaper
  1181 | D        | Noticed a reaper
  1183 | D        | Identified the +7 war axe of the Warrior {pain, rElec Dex-2
                  | SInv}
  1184 | D        | Noticed a reaper
  1185 | D        | Found the +2 Maxwell's thermic engine {flame, freeze}
  1195 | D        | Mangled by a reaper

Skill      XL: |  1  2  3  4  5  6  7  8  9 10 11 12 13 |
---------------+----------------------------------------+-----
Armour         | 9 10 11 12 13 14 15 17 | 17.5
Fighting       | 6 7 8 9 10 12 13 15 | 15.8
Axes           | 5 6 8 10 11 13 15 | 15.7
Dodging        | 4 5 7 9 10 12 13 14 | 14.4
Shields        | 6 7 8 9 10 12 13 15 | 15.8
Invocations    | 3 4 6 7 8 10 11 12 13 | 13.4
Evocations     | 3 4 6 7 9 10 12 | 12.4

Action                   |  1- 3 |  4- 6 |  7- 9 | 10-12 | 13-15 || total
-------------------------+-------+-------+-------+-------+-------++-------
Melee: Broad axe         |     4 |     1 |    19 |    64 |    19 ||   107
       Headbutt          |     1 |       |     5 |    23 |     4 ||    33
Invok: Disaster Area     |       |       |       |     3 |       ||     3
Evoke: Wand              |     2 |       |       |       |       ||     2
  Use: Potion            |     1 |       |       |       |     2 ||     3
       Scroll            |       |       |       |     1 |       ||     1
 Stab: Distracted        |       |       |       |     1 |       ||     1
  Eat: Chunk             |       |       |       |       |     1 ||     1
Armor: Plate armour      |     1 |       |     5 |    28 |    11 ||    45
Dodge: Dodged            |       |       |     1 |    13 |     5 ||    19
       Deflected         |       |       |       |     3 |     1 ||     4
Block: Shield            |     4 |     4 |    23 |   155 |    59 ||   245
